 Dungeon Crawl Stone Soup version 0.29.0-4-gdea44cf6ec (webtiles) character file.

Game seed: 9106727967383358021

12 qw the Chopper (level 2, -1/26 HPs)
             Began as a Minotaur Berserker on Sept 10, 2022.
             Was a Follower of Trog.
             Succumbed to a kobold's poison
             ... on level 1 of the Dungeon.
             The game lasted 00:00:08 (595 turns).

qw the Chopper (Minotaur Berserker)                  Turns: 595, Time: 00:00:09

Health: -1/26      AC:  2    Str: 21    XL:     2   Next: 20%
Magic:  1/1        EV: 12    Int:  4    God:    Trog [*.....]
Gold:   38         SH:  0    Dex:  9    Spells: 1/1 levels left

rFire   . . .      SeeInvis .   a - +0 hand axe
rCold   . . .      Faith    .   (no shield)
rNeg    . . .      Spirit   .   b - +0 animal skin
rPois   .          Reflect  .   (helmet restricted)
rElec   .          Harm     .   (no cloak)
rCorr   .          Rampage  .   (no gloves)
Will    .....                   (no boots)
Stlth   +.........              (no amulet)
HPRegen 0.08/turn               (no ring)
MPRegen 0.07/turn               (no ring)

@: lethally poisoned (-1 -> -13), on berserk cooldown, slowed, very slow
A: horns 2, retaliatory headbutt
a: Renounce Religion, Berserk


You were on level 1 of the Dungeon.
You worshipped Trog.
Trog was aware of your devotion.
You visited 1 branch of the dungeon, and saw 1 of its levels.

You collected 38 gold pieces.


Innate Abilities, Weirdness & Mutations

You have a pair of horns on your head.
You reflexively headbutt those who attack you in melee.


   Skills:
 - Level 3.6 Fighting
 + Level 4.5 Axes
 - Level 2.4 Armour
 - Level 2.1 Dodging


You had one spell level left.
You didn't know any spells.
Your spell library was empty.

Inventory:

Hand Weapons
 a - a +0 hand axe (weapon)
 h - a +0 club
Missiles
 f - 4 javelins (quivered)
Armour
 b - a +0 animal skin (worn)
Scrolls
 c - a scroll of teleportation {unknown}
 d - a scroll of fear {unknown}
 e - a scroll of noise {unknown}
 i - a scroll of poison {unknown}
 k - a scroll of magic mapping {unknown}
Potions
 g - a potion of haste {unknown}
 j - a potion of heal wounds {unknown}

Dungeon Overview and Level Annotations

Branches:
Dungeon (1/15)

Altars:


Message History

The kobold shouts!
You hear an angry hiss.
You closely miss the kobold.
A ball python comes into view.
The kobold barely misses you.
You hit the kobold. Your headbutt misses the kobold.
The kobold is severely wounded.
The kobold barely misses you.
You closely miss the kobold.
The kobold is severely wounded.
The kobold hits you with a +2 whip of venom.
You are poisoned.
You completely miss the kobold. Your headbutt misses the kobold.
The kobold is severely wounded.
You feel very sick.
The kobold hits you with a +2 whip of venom. x2
You are lethally poisoned!
590 ||| INVOKING Berserk.
A red film seems to cover your vision as you go berserk!
You feel yourself moving faster!
You feel mighty!
You feel very sick.
The kobold hits you with a +2 whip of venom.
You are more poisoned.
You slash the kobold!
You kill the kobold!
Trog accepts your kill.
You feel very sick.
You slash the ball python!
You kill the ball python!
Trog accepts your kill.
You feel very sick.
There is a lethal amount of poison in your body!
You feel very sick.
There is a lethal amount of poison in your body!
You feel a strong urge to attack something.
You feel sick.
There is a lethal amount of poison in your body!
You are no longer berserk.
You are exhausted.
You feel yourself slow down.
You die...

#........#
.8.......
#........#
.........
#........#
##
#######.#
#######.##
.. .... #.#
.# #### #.#
.# #.# .#
#.#######)#
#.......@.#
#.#########
###


There were no monsters in sight!

Vanquished Creatures
  An endoplasm (D:1)
  A giant cockroach (D:1)
  2 goblins (D:1)
  A hobgoblin (D:1)
  A jackal (D:1)
  3 ball pythons (D:1)
  3 kobolds (D:1)
  A rat (D:1)
13 creatures vanquished.

Notes
Turn   | Place    | Note
-------+----------+-------------------------------------------
     0 | D:1      | qw the Minotaur Berserker began the quest for the Orb.
     0 | D:1      | Reached XP level 1. HP: 19/19 MP: 0/0
     0 | D:1      | 0 ||| qw: Version: 0.1-a-116-g5d60599
     0 | D:1      | 0 ||| qw: Game counter: 7681
     0 | D:1      | 0 ||| qw: Always use a shield: true
     0 | D:1      | 0 ||| qw: Do Orc after D:15 true
     0 | D:1      | 0 ||| qw: Do second Lair branch before Depths: true
     0 | D:1      | 0 ||| qw: Lair rune preference: random
     0 | D:1      | 0 ||| qw: Plans: Normal
     0 | D:1      | 0 ||| PLANNING D:1-11
   151 | D:1      | Reached skill level 4 in Axes
   257 | D:1      | Reached XP level 2. HP: 20/26 MP: 1/1
   495 | D:1      | 495 ||| Stepping ~*~*~tactically~*~*~ (stealth).
   590 | D:1      | 590 ||| INVOKING Berserk.
   591 | D:1      | HP: 9/39 [poisoned by a kobold]
   593 | D:1      | HP: 3/39 [poisoned by a kobold]
   595 | D:1      | Succumbed to a kobold's poison

Levels and vault maps discovered:
D:1:      giann_forest_graveyard, layout_basic, st_stairs_7

Skill      XL: |  1 |
---------------+----+-----
Axes           | 4 |  4.5
Fighting       | |  3.6
Armour         | |  2.4
Dodging        | |  2.1

Action                   || total
-------------------------++-------
Melee: Hand axe          ||    22
Throw: Javelin           ||    12
Invok: Berserk           ||     1
Armor: Animal skin       ||     1
Dodge: Dodged            ||     7

Table legend:
 A = Non-vault XP
 B = Vault XP
 C = Vault XP percentage of total XP
 D = Non-vault monster count
 E = Vault monster count
 F = Vault count percentage of total count
                 A         B        C        D         E       F
            +---------+---------+-------+---------+---------+-------
      Total |      15 |       3 |  16.7 |      11 |       2 |  15.4
            +---------+---------+-------+---------+---------+-------
        D:1 |      15 |       3 |  16.7 |      11 |       2 |  15.4
            +---------+---------+-------+---------+---------+-------
